 Dungeon Crawl Stone Soup version 0.29.1-15-g9cfb28693d (webtiles) character file.

Game seed: 7962249803898004668

127 LLlMATKO the Chopper (level 4, -1/61 HPs)
             Began as a Minotaur Berserker on Apr 2, 2023.
             Was a Believer of Trog.
             Succumbed to a hobgoblin's poison
             ... on level 3 of the Dungeon.
             The game lasted 00:02:25 (2224 turns).

LLlMATKO the Chopper (Minotaur Berserker)           Turns: 2224, Time: 00:02:25

Health: -1/61      AC:  6    Str: 24    XL:     4   Next: 85%
Magic:  3/3        EV:  6    Int:  4    God:    Trog [**....]
Gold:   70         SH: 10    Dex:  9    Spells: 3/3 levels left

rFire   . . .      SeeInvis .   p - +2 hand axe (elec)
rCold   . . .      Faith    .   j - +0 tower shield
rNeg    . . .      Spirit   .   e - +0 scale mail
rPois   .          Reflect  .   (helmet restricted)
rElec   .          Harm     .   (no cloak)
rCorr   .          Rampage  .   (no gloves)
Will    .....                   (no boots)
Stlth   ..........              (no amulet)
HPRegen 0.20/turn               (no ring)
MPRegen 0.08/turn               (no ring)

@: berserking (expiring), lethally poisoned (-1 -> -15), slowed
A: horns 2, retaliatory headbutt
a: Renounce Religion, Berserk, Trog's Hand


You were on level 3 of the Dungeon.
You worshipped Trog.
Trog was pleased with you.
You visited 1 branch of the dungeon, and saw 3 of its levels.

You collected 70 gold pieces.

Inventory:

Hand Weapons
 p - a +2 hand axe of electrocution (weapon)
Missiles
 h - 7 boomerangs (quivered)
Armour
 e - a +0 scale mail (worn)
 j - a +0 tower shield (worn)
Wands
 o - a wand of polymorph (3)
Scrolls
 c - 2 scrolls of butterflies {unknown}
 d - a scroll of enchant armour {unknown}
 f - a scroll of amnesia {unknown}
 i - a scroll of poison {unknown}
 l - a scroll of silence {unknown}
 n - a scroll of identify {unknown}
Potions
 b - a potion of degeneration {unknown}
 g - a potion of mutation {unknown}
 k - a potion of magic {unknown}
 m - a potion of heal wounds {unknown}


   Skills:
 + Level 4.4 Fighting
 + Level 4.4 Axes
 + Level 3.6 Armour
 + Level 3.2 Dodging
 + Level 1.9 Shields


You had 3 spell levels left.
You didn't know any spells.
Your spell library was empty.

Dungeon Overview and Level Annotations

Branches:
Dungeon (3/15)

Altars:


Innate Abilities, Weirdness & Mutations

You have a pair of horns on your head.
You reflexively headbutt those who attack you in melee.


Message History

The hobgoblin hits you with a +0 dagger of venom.
You are more poisoned.
The hobgoblin hits you with a +0 dagger of venom.
You are lethally poisoned!
You barely miss the hobgoblin. You headbutt the hobgoblin.
The hobgoblin is moderately wounded.
You feel extremely sick. The hobgoblin barely misses you.
The hobgoblin hits you with a +0 dagger of venom.
* * * LOW HITPOINT WARNING * * *
You are too injured to fight recklessly!
You are too injured to fight recklessly!
You are too injured to fight recklessly!
You are too injured to fight recklessly!
You are too injured to fight recklessly!
You are too injured to fight recklessly!
You are too injured to fight recklessly!
You are too injured to fight recklessly!
You are too injured to fight recklessly!
You are too injured to fight recklessly!
You are too injured to fight recklessly!
Unknown command.
A red film seems to cover your vision as you go berserk!
You feel yourself moving faster!
You feel mighty!
* * * LOW HITPOINT WARNING * * *
You feel very sick.
The hobgoblin hits you with a +0 dagger of venom.
* * * LOW HITPOINT WARNING * * *
The hobgoblin hits you but does no damage.
You are more poisoned.
Unknown command.
You barely miss the hobgoblin. Your headbutt misses the hobgoblin.
The hobgoblin is lightly wounded.
* * * LOW HITPOINT WARNING * * *
You feel very sick. You block the hobgoblin's attack.
You slash the hobgoblin!
You kill the hobgoblin!
Trog accepts your kill.
You die...

###.......#.####....
##..........###....#
###.........##.......#
#.#...##..####.........#
#......#.###...........#
#....###.#.###.#.#.......#
#..#.........#....#.......#
#.........)..#...##.......#
.###......@.#.####.......#
. #..........# #.......#
#.........## #.......#
#..........## #.....[.#
#........#..#####....###
#........##..###..#.....
.........###..#..##.....
#........# ##...###.....
######### #..####.....


There were no monsters in sight!

Vanquished Creatures
  Jessica (D:2)
  3 adders
  2 worms (D:2)
  2 dart slugs (D:1)
  7 orcs (D:3)
  A ball python (D:1)
  5 endoplasms
  3 giant cockroaches (D:1)
  3 goblins
  8 hobgoblins
  2 jackals (D:3)
  5 kobolds
  A quokka (D:1)
  4 bats (D:1)
  3 frilled lizards
  7 rats
57 creatures vanquished.

Notes
Turn   | Place    | Note
-------+----------+-------------------------------------------
     0 | D:1      | LLlMATKO the Minotaur Berserker began the quest for the
                  | Orb.
     0 | D:1      | Reached XP level 1. HP: 19/19 MP: 0/0
   213 | D:1      | Reached XP level 2. HP: 15/27 MP: 1/1
   895 | D:1      | Reached XP level 3. HP: 30/33 MP: 2/2
   999 | D:1      | Reached ** piety under Trog
  1270 | D:2      | You fall into a shaft and drop 1 floor!
  1288 | D:3      | Reached skill level 1 in Shields
  1782 | D:2      | Noticed Jessica
  1790 | D:2      | Killed Jessica
  1791 | D:2      | Reached XP level 4. HP: 40/40 MP: 3/3
  2224 | D:3      | Succumbed to a hobgoblin's poison

Illustrated notes

Levels and vault maps discovered:
D:1:      minmay_arrival_four_loops, layout_basic, hangedman_glass_teeth,
          minmay_hedge_maze
D:2:      layout_loops_ring, uniq_jessica
D:3:      minmay_evil_eye, layout_rooms, st_stairs_12

Skill      XL: |  1  2  3 |
---------------+----------+-----
Axes           | 4 |  4.4
Fighting       | 4 |  4.4
Armour         | 3 |  3.6
Shields        | 1 |  1.9
Dodging        | 3 |  3.2

Action                   |  1- 3 |  4- 6 || total
-------------------------+-------+-------++-------
Melee: Hand axe          |    96 |    23 ||   119
       Headbutt          |     9 |     2 ||    11
       Punch             |     1 |       ||     1
Invok: Berserk           |     1 |     1 ||     2
 Stab: Sleeping          |     1 |       ||     1
Armor: Animal skin       |     4 |       ||     4
       Scale mail        |    32 |    11 ||    43
Dodge: Dodged            |    28 |     5 ||    33
Block: Buckler           |     4 |       ||     4
       Tower shield      |    19 |    25 ||    44
